 Dungeon Crawl Stone Soup version 0.24.1-4-ge52af88ad5 (webtiles) character file.

Game seed: 8194119746440460481, levelgen mode: deterministic

10430 maehogdoen the Destroyer (level 11, -5/66 HPs)
             Began as a Tengu Air Elementalist on Apr 13, 2020.
             Was an Elder of Vehumet.
             Slain by an orc warrior
             ... wielding a +0 glaive
              (8 damage)
             ... on level 11 of the Dungeon.
             The game lasted 01:04:14 (15543 turns).

maehogdoen the Destroyer (Tengu Air Elementalist)  Turns: 15543, Time: 01:04:14

Health: -5/66      AC:  9    Str:  9    XL:     11   Next: 62%
Magic:  0/32       EV: 15    Int: 16    God:    Vehumet [****..]
Gold:   755        SH:  6    Dex: 15    Spells: 8/25 levels left

rFire    . . .     SeeInvis .   a - +3 dagger (elec)
rCold    . . .     Gourm    .   j - +1 buckler
rNeg     . . .     Faith    .   m - +0 ring mail
rPois    +         Spirit   +   (helmet restricted)
rElec    .         Reflect  .   (no cloak)
rCorr    .         Harm     .   x - +0 pair of gloves
MR       .....     Clarity  +   (boots unavailable)
Stlth    +.........             D - amulet of guardian spirit
HPRegen  0.21/turn              o - ring of poison resistance
MPRegen  0.23/turn              F - ring of magical power

@: flying quickly and evasively, very slightly contaminated, starving, quick
A: beak, talons 3, icy blue scales 1, clarity, weak 1, wild magic 1, able to fly
a: Stop Flying, Renounce Religion


You were on level 11 of the Dungeon.
You worshipped Vehumet.
Vehumet was greatly pleased with you.
You were starving.

You visited 2 branches of the dungeon, and saw 12 of its levels.
You also visited: Sewer.

You collected 755 gold pieces.

Inventory:

Hand Weapons
 a - a +3 dagger of electrocution (weapon)
 d - a +0 dagger
 l - a +0 hand axe
 q - a +1 trident
 B - a +5 falchion
Missiles
 f - 9 boomerangs
 r - 6 atropa-tipped darts
 w - 47 poisoned darts (quivered)
 C - 11 curare-tipped darts
Armour
 j - a +1 buckler (worn)
 m - a +0 ring mail (worn)
 u - a +2 chain mail of cold resistance
 x - a +0 pair of gloves (worn)
 y - a +2 robe of fire resistance
Magical Staves
 b - an uncursed staff of wizardry
 s - an uncursed staff of summoning
 O - an uncursed staff of fire
Jewellery
 o - a ring of poison resistance (left hand)
 A - an uncursed ring of protection from cold
 D - an amulet of guardian spirit (around neck)
 F - a ring of magical power (right hand)
 H - an uncursed amulet of magic regeneration
 M - an uncursed ring of wizardry
 P - a +3 ring of strength {unknown}
Wands
 v - a wand of random effects (37)
 G - a wand of iceblast (9)
 K - a wand of flame (37)
Scrolls
 e - 5 scrolls of remove curse
 g - 6 scrolls of teleportation
 h - a scroll of fear
 k - 5 scrolls of enchant armour
 p - a scroll of blinking
 J - a scroll of enchant weapon
 R - a scroll of magic mapping
 S - a scroll of silence
Potions
 i - 2 potions of brilliance
 n - 5 potions of flight
 t - a potion of might
 E - 8 potions of curing
 I - a potion of magic
 N - a potion of agility
 Q - a potion of haste
Miscellaneous
 L - a phantom mirror
 T - a lightning rod (4/4)
Comestibles
 c - 18 rations
 z - 8 chunks of flesh


   Skills:
 * Level 6.5 Fighting
 - Level 6.7 Short Blades
 - Level 0.1 Polearms
 + Level 1.6 Throwing
 - Level 7.0 Armour
 * Level 5.2 Dodging
 - Level 2.2 Stealth
 - Level 4.0 Shields
 + Level 7.6 Spellcasting
 + Level 9.7 Conjurations
 - Level 2.0 Charms
 - Level 7.0 Air Magic
 * Level 3.2 Poison Magic


You had 8 spell levels left.
You knew the following spells:

 Your Spells              Type           Power        Failure   Level  Hunger
a - Shock                 Conj/Air       ####         1%          1    None
b - Swiftness             Chrm/Air       ####....     11%         2    None
c - Airstrike             Air            #####.....   6%          4    ####...
d - Lightning Bolt        Conj/Air       #####.....   10%         5    #####..
e - Mephitic Cloud        Conj/Pois/Air  #####...     2%          3    ##.....
f - Blink                 Tloc           N/A          47%         2    None

Your spell library contained the following spells:

 Spells                   Type           Power        Failure   Level  Hunger
 Yara's Violent Unravell  Hex/Tmut       #.........   88%         5    #####..
 Magic Dart               Conj           ####         1%          1    None
 Static Discharge         Conj/Air       #####...     1%          3    ##.....
 Throw Frost              Conj/Ice       ####..       2%          2    None
 Conjure Flame            Conj/Fire      ####....     4%          3    ##.....
 Freeze                   Ice            #...         11%         1    None
 Throw Icicle             Conj/Ice       ####....     13%         4    ####...
 Call Imp                 Summ           #.......     47%         2    None
 Slow                     Hex            #.......     47%         2    None
 Ozocubu's Armour         Chrm/Ice       ##......     58%         3    ##.....
 Summon Ice Beast         Ice/Summ       #.......     97%         4    ####...


Dungeon Overview and Level Annotations

Branches:
Dungeon (11/15)            Temple (1/1) D:6            Lair (0/6) D:11
  Sewer (visited)
    Orc: D:9-12

Altars:
Cheibriados
Elyvilon
Hepliaklqana
Kikubaaqudgha
Qazlal
Ru
Sif Muna
Uskayaw
Vehumet
Wu Jian
Xom
Yredelemnul

Shops:
D:4 *

Annotations:
D:3 exclusion: downstairs


Innate Abilities, Weirdness & Mutations

You have a beak for a mouth.
You have claws for feet.
You can fly continuously.
You are partially covered in icy blue scales. (AC +2)
You possess an exceptional clarity of mind.
You are weak. (Str -2)
Your spells are a little harder to cast, but a little more powerful.


Message History

The orc warrior is lightly wounded.
You block the orc warrior's attack.
You closely miss the orc warrior.
You claw the orc warrior, but do no damage.
You peck the orc warrior, but do no damage.
The orc warrior is lightly wounded.
An orc comes into view. It is wielding a -1 whip.
You closely miss the orc warrior. You claw the orc warrior.
You peck the orc warrior, but do no damage.
The orc warrior is lightly wounded.
The orc warrior hits you with a +0 glaive!!
* * * LOW HITPOINT WARNING * * *
You hit the orc warrior but do no damage.
Lightning courses through the orc warrior!!
You peck the orc warrior, but do no damage.
The orc warrior is almost dead.
You barely miss the orc warrior. Your peck misses the orc warrior.
The orc warrior is almost dead.
The orc warrior hits you with a +0 glaive!
You die... ......# ......# ......# ......# ..... ......# ..... ......# .)) ......# oo)

....... #o# ....### #o# #####
#@# # #)# ### #)# ..# #.# #'###
#.# ########## ....#########
#)# #........# ....'....รท..#
#.# #........#
....#######.####.#####........#
....# #...................#


You could see an orc warrior and 3 orcs.

Vanquished Creatures
  An unseen horror (D:11)
  An ugly thing (D:11)
  A cyclops (D:11)
  A gargoyle (D:11)
  A troll (D:9)
  A hippogriff (D:10)
  A spriggan (D:8)
  2 wyverns
  12 yaks
  A hungry ghost (D:6)
  2 wargs (D:11)
  Eustachio (D:4)
  A water moccasin (D:9)
  Duvessa (D:5)
  5 sky beasts
  3 ice beasts
  A necrophage (D:10)
  8 orc warriors
  2 phantoms (D:8)
  4 ogres
  2 centaurs
  6 bullfrogs
  Dowan (D:5)
  3 killer bees (D:8)
  15 wights
  A vampire bat (D:6)
  2 crimson imps
  A bullfrog zombie (D:11)
  A bullfrog skeleton (D:7)
  A centaur skeleton (D:10)
  4 hounds
  15 orc priests
  2 jellies
  5 iguanas
  8 worker ants
  10 orc wizards
  2 merfolk sirens (Sewer)
  A merfolk avatar (Sewer)
  Robin (D:2)
  3 gnolls (D:7)
  20 adders
  11 river rats
  3 shadow imps
  2 oozes
  4 worms
  5 adder skeletons
  An adder zombie (D:7)
  2 dart slugs
  9 leopard geckos
  58 orcs
  4 ball pythons
  11 bats
  6 bat skeletons (D:6)
  A bat zombie (D:6)
  8 giant cockroaches
  13 goblins
  11 hobgoblins
  15 jackals
  9 kobolds
  8 quokkas
  A ball python skeleton (D:4)
  13 frilled lizards
  A jackal skeleton (D:7)
  A leopard gecko skeleton (D:5)
  A quokka skeleton (D:8)
  47 rats
399 creatures vanquished.

Vanquished Creatures (others)
  A goblin (D:2)
1 creature vanquished.

Grand Total: 400 creatures vanquished

Notes
Turn   | Place    | Note
-------+----------+-------------------------------------------
     0 | D:1      | maehogdoen the Tengu Air Elementalist began the quest for
                  | the Orb.
     0 | D:1      | Reached XP level 1. HP: 10/10 MP: 4/4
   175 | D:1      | Reached XP level 2. HP: 15/15 MP: 1/6
   411 | D:1      | Learned a level 2 spell: Swiftness
   675 | D:1      | Reached XP level 3. HP: 8/19 MP: 0/7
  1521 | D:2      | Reached skill level 1 in Armour
  1789 | D:2      | Noticed a fire elemental
  1791 | D:2      | Found a stormy altar of Qazlal.
  1794 | D:2      | Noticed an earth elemental
  1794 | D:2      | Noticed an air elemental
  1794 | D:2      | Noticed a water elemental
  1852 | D:2      | Reached skill level 2 in Conjurations
  1852 | D:2      | Reached XP level 4. HP: 16/24 MP: 1/8
  2384 | D:2      | Noticed Robin
  2529 | D:2      | Killed Robin
  2529 | D:2      | Reached skill level 1 in Shields
  2626 | D:2      | Found a sacrificial altar of Ru.
  2626 | D:2      | Found an ornate altar of the Wu Jian Council.
  2626 | D:2      | Found a hide-covered altar of Uskayaw.
  2770 | D:2      | Gained mutation: You can fly continuously. [Tengu growth]
  2770 | D:2      | Reached XP level 5. HP: 26/28 MP: 7/10
  3497 | D:3      | Found a white marble altar of Elyvilon.
  3608 | D:3      | Reached XP level 6. HP: 33/33 MP: 7/11
  3739 | D:3      | Reached skill level 3 in Conjurations
  4171 | D:3      | Reached skill level 1 in Fighting
  4583 | D:4      | Reached XP level 7. HP: 38/38 MP: 7/13
  4761 | D:4      | Noticed Eustachio
  4770 | D:4      | Killed Eustachio
  5067 | D:4      | Reached skill level 4 in Conjurations
  5662 | D:4      | Found Veigugu's Serpentskin Sales.
  5690 | D:5      | Entered Level 5 of the Dungeon
  5697 | D:5      | Gained mutation: You are somewhat resistant to further
                  | mutation. [potion of mutation]
  5698 | D:5      | Lost mutation: You are somewhat resistant to further
                  | mutation. [potion of mutation]
  5698 | D:5      | Gained mutation: Scrolls take you a little longer to read.
                  | [potion of mutation]
  5698 | D:5      | Gained mutation: You are somewhat resistant to further
                  | mutation. [potion of mutation]
  5718 | D:5      | Learned a level 4 spell: Airstrike
  5789 | D:5      | Lost mutation: Scrolls take you a little longer to read.
                  | [potion of mutation]
  5789 | D:5      | Gained mutation: Your body sometimes deteriorates upon
                  | taking damage. [potion of mutation]
  5789 | D:5      | Gained mutation: Your flesh is heat resistant. (rF+)
                  | [potion of mutation]
  5818 | D:5      | Reached skill level 5 in Air Magic
  5858 | D:5      | Found a snail-covered altar of Cheibriados.
  5897 | D:5      | Noticed a wyvern
  5950 | D:5      | Killed a wyvern
  5950 | D:5      | Reached skill level 1 in Short Blades
  5950 | D:5      | Reached skill level 5 in Armour
  5950 | D:5      | Reached XP level 8. HP: 25/44 MP: 9/15
  6183 | D:5      | Found a glowing drain.
  6190 | Sewer    | Entered a sewer
  7088 | D:5      | Noticed Duvessa
  7088 | D:5      | Noticed Dowan
  7137 | D:5      | Killed Dowan
  7142 | D:5      | Killed Duvessa
  7142 | D:5      | Reached skill level 1 in Charms
  8382 | D:6      | Reached skill level 5 in Conjurations
  8614 | D:6      | Reached XP level 9. HP: 51/51 MP: 12/16
  8877 | D:6      | Found a staircase to the Ecumenical Temple.
  8888 | Temple   | Entered the Ecumenical Temple
  8957 | Temple   | Became a worshipper of Vehumet
  9109 | D:6      | Found an ancient bone altar of Kikubaaqudgha.
  9189 | D:6      | Lost mutation: You are somewhat resistant to further
                  | mutation. [potion of mutation]
  9189 | D:6      | Lost mutation: Your body sometimes deteriorates upon taking
                  | damage. [potion of mutation]
  9189 | D:6      | Lost mutation: Your flesh is heat resistant. (rF+) [potion
                  | of mutation]
  9189 | D:6      | Gained mutation: You are partially covered in icy blue
                  | scales. (AC +2) [potion of mutation]
  9189 | D:6      | Gained mutation: You are weak. (Str -2) [potion of
                  | mutation]
  9189 | D:6      | Gained mutation: Your spells are a little harder to cast,
                  | but a little more powerful. [potion of mutation]
  9189 | D:6      | Gained mutation: You possess an exceptional clarity of
                  | mind. [potion of mutation]
  9612 | D:7      | Reached * piety under Vehumet
  9612 | D:7      | Offered knowledge of Magic Dart by Vehumet.
  9637 | D:7      | Found a shimmering blue altar of Sif Muna.
  9844 | D:6      | Reached skill level 5 in Spellcasting
 10028 | D:6      | Reached skill level 6 in Conjurations
 10034 | D:7      | Offered knowledge of Throw Flame by Vehumet.
 10063 | D:7      | Reached ** piety under Vehumet
 10658 | D:7      | Found a snail-covered altar of Cheibriados.
 10697 | D:7      | Reached skill level 5 in Short Blades
 10906 | D:8      | Reached XP level 10. HP: 52/58 MP: 18/18
 11064 | D:8      | Offered knowledge of Inner Flame by Vehumet.
 11283 | D:8      | Reached skill level 7 in Conjurations
 11681 | D:8      | Reached *** piety under Vehumet
 11999 | D:8      | Reached skill level 5 in Fighting
 12572 | D:9      | Learned a level 5 spell: Lightning Bolt
 12832 | D:9      | Found a snail-covered altar of Cheibriados.
 13191 | D:9      | Offered knowledge of Mephitic Cloud by Vehumet.
 13281 | D:9      | Found a shimmering altar of Xom.
 13281 | D:9      | Found a shimmering altar of Xom.
 13281 | D:9      | Found a shimmering altar of Xom.
 13365 | D:9      | Noticed a harpy
 13558 | D:10     | Entered Level 10 of the Dungeon
 13671 | D:10     | Reached skill level 8 in Conjurations
 14202 | D:10     | Learned a level 3 spell: Mephitic Cloud
 14266 | D:10     | Reached skill level 1 in Throwing
 14393 | D:11     | Killed an unseen horror
 14393 | D:11     | Reached skill level 1 in Poison Magic
 14393 | D:11     | Reached XP level 11. HP: 56/64 MP: 22/22
 14433 | D:11     | Noticed a cyclops
 14454 | D:11     | Killed a cyclops
 14627 | D:11     | Reached **** piety under Vehumet
 14655 | D:11     | Offered knowledge of Yara's Violent Unravelling by Vehumet.
 14655 | D:11     | Reached skill level 9 in Conjurations
 14792 | D:11     | Found a staircase to the Lair.
 14837 | D:11     | Noticed a purple ugly thing
 14857 | D:11     | Killed a purple ugly thing
 14927 | D:10     | Learned a level 2 spell: Blink
 15195 | D:11     | Reached skill level 5 in Dodging
 15541 | D:11     | HP: 3/66 [orc warrior/+0 glaive (18)]
 15543 | D:11     | Slain by an orc warrior

Levels and vault maps discovered:
D:1:      grunt_arrival_lava_bath, layout_loops_ring, fountainhead,
          minmay_pentomino_t4
D:2:      layout_loops_corners, nicolae_qazlal_style_of_elements,
          gammafunk_temple_overflow_claw, uniq_robin
D:3:      cheibrodos_old_hovel, layout_loops_ring, marbit_many_paths,
          first_ration
D:4:      minmay_inner_zag, layout_loops_ring, guppyfry_shop_venom,
          uniq_eustachio
D:5:      layout_basic, portal_sewer_entry_e, basic_altar, uniq_duvessa
D:6:      layout_rooms, kennysheep_vampire_church, minmay_temple_entry_ruins,
          dk_rats_in_the_wall
D:7:      layout_rooms, old_standard_altar, basic_altar
D:8:      layout_basic, serial_glass, glass_columns_a, glass_columns_a,
          the_bakery, chequers_serial_rivers_micro_b
D:9:      layout_stronghold, xom_shifter_show, lemuel_doored_altar
D:10:     layout_roguey, serial_corexii_hall, chequers_hall_statues_wall_a,
          corexii_hall_statues_u
D:11:     layout_roguey [special_room_orc], erik_lair_orcish_takeover,
          special_room [special_room_orc]
Temple:   nicolae_temple_figure_eight

Skill      XL: |  1  2  3  4  5  6  7  8  9 10 11 |
---------------+----------------------------------+-----
Armour         | 1 2 4 5 6 7 |  7.0
Conjurations   | 2 3 4 5 6 8 9 |  9.7
Shields        | 1 2 3 4 |  4.0
Spellcasting   | 3 4 5 6 7 |  7.6
Fighting       | 1 2 3 4 5 6 |  6.5
Air Magic      | 5 6 7 |  7.0
Short Blades   | 1 3 5 6 |  6.7
Charms         | 1 2 |  2.0
Dodging        | 4 5 |  5.2
Throwing       | 1 |  1.6
Poison Magic   | 1 3 |  3.2
Polearms       | |  0.1
Stealth        | |  2.2

Action                   |  1- 3 |  4- 6 |  7- 9 | 10-12 || total
-------------------------+-------+-------+-------+-------++-------
Melee: Dagger            |    41 |    35 |   247 |   179 ||   502
       Kick              |     8 |    18 |    49 |    42 ||   117
       Peck              |     3 |    14 |    31 |    28 ||    76
       Trident           |       |    98 |     7 |       ||   105
Throw: Dart              |       |       |       |    19 ||    19
 Cast: Shock             |    73 |    84 |   268 |   291 ||   716
       Airstrike         |       |       |     1 |     3 ||     4
       Swiftness         |       |       |     1 |       ||     1
       Lightning Bolt    |       |       |       |    11 ||    11
 Abil: Fly               |       |     1 |       |       ||     1
  Use: Scroll            |       |       |    22 |     4 ||    26
       Potion            |       |       |     9 |       ||     9
 Stab: Sleeping          |     1 |     1 |     6 |       ||     8
       Distracted        |       |       |       |     1 ||     1
  Eat: Chunk             |     4 |     9 |    20 |    15 ||    48
Armor: Robe              |     5 |       |       |       ||     5
       Ring mail         |    28 |    36 |    61 |    57 ||   182
Dodge: Dodged            |    41 |   103 |   139 |   101 ||   384
Block: Buckler           |     4 |    36 |    76 |    63 ||   179
